 Dungeon Crawl Stone Soup version 0.19-a0-1879-gd95bc26 (webtiles) character file.

879 Minion the Chopper (level 7, -1/64 HPs)
             Began as a Minotaur Fighter on Oct 14, 2016.
             Was a Follower of Okawaru.
             Slain by a water moccasin (5 damage)
             ... on level 5 of the Dungeon.
             The game lasted 00:09:36 (3422 turns).

Minion the Chopper (Minotaur Fighter)               Turns: 3422, Time: 00:09:37

Health: -1/64      AC: 12    Str: 21    XL:     7   Next: 75%
Magic:  6/6        EV:  6    Int:  5    God:    Okawaru [*.....]
Gold:   196        SH:  0    Dex: 11    Spells: 0 memorised, 6 levels left

rFire  . . .     SeeInvis .     a - +0 war axe
rCold  . . .     Gourm    .     r - +0 plate armour
rNeg   . . .     Faith    .     (no shield)
rPois  .         Spirit   .     (helmet restricted)
rElec  .         Dismiss  .     (no cloak)
rCorr  .         Reflect  .     (no gloves)
MR     .....     Harm     .     (no boots)
Stlth  ..........               (no amulet)
                                (no ring)
                                (no ring)

@: no status effects
A: retaliatory headbutt, horns 2
a: Heroism, Renounce Religion


You were on level 5 of the Dungeon.
You worshipped Okawaru.
Okawaru was aware of your devotion.
You were not hungry.

You visited 1 branch of the dungeon, and saw 5 of its levels.

You collected 196 gold pieces.

Inventory:

Hand Weapons
 a - a +0 war axe (weapon)
Armour
 r - a +0 plate armour (worn)
Jewellery
 k - a cursed ring of teleportation {unknown}
Wands
 s - a wand of iceblast (9/15)
Scrolls
 b - a scroll of torment {unknown}
 c - 3 scrolls of teleportation {unknown}
 e - a scroll of fear {unknown}
 i - a scroll of recharging {unknown}
 j - 2 scrolls of remove curse {unknown}
 o - 5 scrolls of identify {unknown}
Potions
 d - a potion of might
 h - 4 potions of curing {unknown}
 l - 2 potions of cure mutation {unknown}
 m - 3 potions of lignification {unknown}
 p - 2 potions of magic {unknown}
 q - 3 potions of flight {unknown}
Comestibles
 f - 3 bread rations
 g - a meat ration
 n - 2 beef jerkies


   Skills:
 + Level 6.5 Fighting
 * Level 7.7 Axes
 + Level 6.1 Armour
 + Level 1.0 Dodging
   Level 3.6 Shields


You had 6 spell levels left.
You didn't know any spells.

Dungeon Overview and Level Annotations

Branches:
Dungeon (5/15)             Temple (0/1) D:4

Altars:
Dithmenos
Nemelex Xobeh
Okawaru
Qazlal
Ru
Trog
Xom
Zin


Innate Abilities, Weirdness & Mutations

You reflexively headbutt those who attack you in melee.
You have a pair of horns on your head.


Message History

The centaur shoots an arrow.
The arrow hits you!
* * * LOW HITPOINT WARNING * * *
You see here 2 arrows.
The teleport trap disappears.
The centaur disappears!
The water moccasin closely misses you. The water moccasin barely misses you.
The water moccasin bites you but does no damage.
The water moccasin bites you but does no damage.
The water moccasin bites you but does no damage.
The water moccasin closely misses you. The water moccasin bites you.
* * * LOW HITPOINT WARNING * * *
The water moccasin closely misses you. The water moccasin barely misses you.
You furiously retaliate!
You headbutt the water moccasin!
The water moccasin bites you but does no damage.
You miss the water moccasin.
The water moccasin is severely wounded.
The water moccasin bites you.
You die...

#§.######
######.####.#
†(...# #.#
#.# .##..#
#.# #.# # #.#
#.# #.# .#
#.# #.# .#
#.# #.# # #.#
#.# #S# #)#
#@## #.# #..#
#.# ##.###.#
#.....#
#.##### #.###
#...# #.#.#
#.#.#


You could see a water moccasin.

Vanquished Creatures
  Grinder (D:5)
  Edmund (D:5)
  A phantom (D:4)
  Blork the orc (D:5)
  A crimson imp (D:5)
  3 orc wizards
  Jessica (D:2)
  2 worker ants
  Natasha (twice) (D:2)
  7 adders
  An ooze (D:1)
  7 worms
  5 dart slugs
  3 leopard geckos
  9 orcs
  7 bats
  4 giant cockroaches
  12 hobgoblins
  3 jackals (D:3)
  A quokka (D:3)
  A ball python (D:3)
  7 frilled lizards
  3 goblins
  2 kobolds (D:3)
  7 rats
92 creatures vanquished.

Notes
Turn   | Place    | Note
-------+----------+-------------------------------------------
     0 | D:1      | Minion the Minotaur Fighter began the quest for the Orb.
     0 | D:1      | Reached XP level 1. HP: 19/19 MP: 0/0
   211 | D:1      | Reached skill level 3 in Axes
   211 | D:1      | Reached XP level 2. HP: 24/27 MP: 1/1
   523 | D:1      | Found a sparkling altar of Nemelex Xobeh.
   595 | D:1      | Reached XP level 3. HP: 33/33 MP: 2/2
   803 | D:2      | Noticed Natasha
   810 | D:2      | Killed Natasha
   811 | D:2      | Reached skill level 4 in Axes
   969 | D:2      | Noticed Jessica
   980 | D:2      | Killed Jessica
   980 | D:2      | Reached XP level 4. HP: 28/41 MP: 3/3
  1347 | D:2      | Noticed Natasha
  1352 | D:2      | Killed Natasha
  1352 | D:2      | Reached XP level 5. HP: 47/47 MP: 4/4
  1498 | D:2      | Reached skill level 5 in Axes
  1604 | D:3      | Reached skill level 5 in Fighting
  1632 | D:3      | Found a glowing silver altar of Zin.
  1707 | D:3      | Found a faded altar of an unknown god.
  1715 | D:3      | Found an iron altar of Okawaru.
  1739 | D:3      | Became a worshipper of Warmaster Okawaru
  2198 | D:4      | Found a staircase to the Ecumenical Temple.
  2300 | D:4      | Reached XP level 6. HP: 12/56 MP: 5/5
  2304 | D:4      | Reached skill level 5 in Armour
  2581 | D:4      | Found a shimmering altar of Xom.
  2601 | D:4      | Reached skill level 6 in Axes
  2692 | D:4      | Found a sacrificial altar of Ru.
  2837 | D:4      | Found a bloodstained altar of Trog.
  2934 | D:5      | Entered Level 5 of the Dungeon
  2947 | D:5      | Found a stormy altar of Qazlal.
  2955 | D:5      | Noticed Grinder
  2990 | D:5      | Killed Grinder
  2990 | D:5      | Reached * piety under Okawaru
  2990 | D:5      | Reached skill level 7 in Axes
  2990 | D:5      | Reached XP level 7. HP: 24/63 MP: 6/6
  3060 | D:5      | Noticed Blork the orc
  3075 | D:5      | Killed Blork the orc
  3290 | D:5      | Noticed Edmund
  3302 | D:5      | Killed Edmund
  3386 | D:5      | Found a shadowy altar of Dithmenos.
  3395 | D:5      | Reached skill level 1 in Dodging
  3398 | D:5      | HP: 1/64 [centaur/arrow (10)]
  3414 | D:5      | HP: 3/64 [water moccasin (1)]
  3422 | D:5      | Slain by a water moccasin

Vault maps used:
D:1:      minmay_arrival_solitary_statue, nemelex_diamond_rough_becter
D:2:      first_bread, uniq_jessica, uniq_natasha
D:3:      okawaru_gym_becter, ecumenical_altar_2, lemuel_statue_altar
D:4:      nicolae_overflow_hidden_temple, nicolae_ru_sacrificial_ziggurat,
          kennysheep_little_box
D:5:      nicolae_dithmenos_shadow_blocks, lemuel_doored_altar,
          lemuel_round_altar, minmay_holes, uniq_edmund, uniq_blork_the_orc,
          uniq_grinder

Skill      XL: |  1  2  3  4  5  6  7 |
---------------+----------------------+-----
Axes           | 3 4 5 7 |  7.7
Fighting       | 4 5 6 |  6.5
Armour         | 4 5 6 |  6.1
Dodging        | 1 |  1.0
Shields        | |  3.6

Action                   |  1- 3 |  4- 6 |  7- 9 || total
-------------------------+-------+-------+-------++-------
Melee: War axe           |    56 |   157 |    35 ||   248
       Headbutt          |     9 |    25 |     9 ||    43
  Eat: Chunk             |       |     5 |     2 ||     7
       Pizza             |       |     1 |       ||     1
Armor: Scale mail        |    20 |    69 |       ||    89
       Plate armour      |       |    22 |    24 ||    46
Dodge: Dodged            |    25 |    72 |    17 ||   114
